[Event "Late-Titled-Tuesday-Blitz-October-10-2023"]
[Site "Chess.com"]
[Date "2023.10.10"]
[Round "3"]
[White "Andrei_Skvortsov"]
[Black "venturov"]
[Result "1-0"]
[WhiteElo "2677"]
[BlackElo "2451"]
[TimeControl "180+1"]
[EndTime "14:27:14 PDT"]
[Termination "Andrei_Skvortsov won on time"]

1. e4 Nf6 2. Nc3 d5 3. e5 Nfd7 4.
Nxd5 Nxe5 5. Ne3 g6 6. d4 Nec6 7. c3 Bg7 8. Bc4 O-O 9. Nf3 e5 10. d5 Na5 11. Be2 b6 12. O-O Nb7 13. b4 a5 14. Bb2 axb4 15. cxb4 Nd6 16. Bxe5 Ba6 17. Bxg7 Kxg7 18. Qd4+ Kg8 19. Ng4 f6 20. Bxa6 Rxa6 21.
Rfe1 h5 22. Ne3 Nd7 23. Nc4 Nf5 24. Qf4 Kg7 25. Re6 Nb8 26. d6 cxd6 27. Nxd6 Nxd6 28. Rxd6 Qc8 29. h4 b5 30. Rxa6 Qxa6 31. Rc1 Nd7 32.
Qd4 Rf7 33. Qd5 Nf8 34. Rc6 Qa4 35. Qc5 Qxa2 36. Qxb5 Rd7 37. Rc1 Rd2 38. Qb7+ Kg8 39. Qb6 Qb2 40. Re1 Rd7 41. g3 Rf7 42. Kg2 Qb3 43.
Re3 Qd5 44. Qc5 Qb7 45. b5 Nd7 46. Qc6 1-0

[Event "Late-Titled-Tuesday-Blitz-October-10-2023"]
[Site "Chess.com"]
[Date "2023.10.10"]
[Round "3"]
[White "Dontmesswithme_2"]
[Black "SaqoChess_Twitch"]
[Result "0-1"]
[WhiteElo "2419"]
[BlackElo "2624"]
[TimeControl "180+1"]
[EndTime "14:27:14 PDT"]
[Termination "SaqoChess_Twitch won by checkmate"]

1. d4 d5 2. c4 e6 3. Nf3 Nf6 4. g3 Be7 5. Bg2 O-O 6. O-O dxc4 7. Qc2 a6 8. a4 c5 9. dxc5 Bxc5 10. Nbd2 b5 11.
axb5 Bb7 12. bxa6 Nxa6 13. Qxc4 Qc7 14. b3 Bd5 15. Qh4 Nb4 16. Bb2 Rxa1 17. Bxa1 Be7 18. Bxf6 gxf6 19. Nd4 Bxg2 20. Kxg2 f5 21. Qh6 Nd5 22.
N2f3 Bf6 23. Rc1 Qb7 24. Nc6 Rc8 25. Ng5 Rxc6 26. Rxc6 Bg7 27. Qxh7+ Kf8 28. Qh5 Nf4+ 29. gxf4 Qxc6+ 30. f3 Qb7 31. Qh4 Ke8 32. Qh7 Kf8 33. Qh4 Qxb3 34. Nh7+ Ke8 35. Qg5 Qb2 36. Kf2 Bd4+ 37.
Kg3 Qa1 38. Qg8+ Ke7 39. Kh3 Qf1+ 40. Qg2 Qe1 41. Ng5 Bf6 42. Nh7 Qh4# 0-1

[Event "Late-Titled-Tuesday-Blitz-October-10-2023"]
[Site "Chess.com"]
[Date "2023.10.10"]
[Round "3"]
[White "djano"]
[Black "K_A_S_T_O_R"]
[Result "1-0"]
[WhiteElo "2686"]
[BlackElo "2890"]
[TimeControl "180+1"]
[EndTime "14:27:15 PDT"]
[Termination "djano won by resignation"]

1. e4 c5 2. Nc3 a6 3. g3 Nc6 4.
Nge2 d6 5. Bg2 Nf6 6. O-O e6 7.
d4 cxd4 8. Nxd4 Bd7 9. a4 Be7 10. b3 O-O 11. Bb2 Rc8 12. h3 Qb6 13. Nde2 Rfd8 14.
Kh1 Ne5 15. a5 Qc7 16. f4 Nc6 17. g4 d5 18. exd5 Nb4 19. Nd4 Nfxd5 20. Nxd5 Nxd5 21.
Qf3 Bc6 22. Nxc6 bxc6 23. f5 e5 24. Qg3 Bd6 25. g5 e4 26. Qh4 Ne3 27. g6 fxg6 28. fxg6 hxg6 29. Bxe4 Nxf1 30. Rxf1 Rf8 31. Rg1 Rf4 32. Qe1 Re8 33. Bd5+ Kf8 34. Be6 c5 35. Rxg6 Qb7+ 36. Kg1 Be5 37. Bxe5 Re4 38. Bxg7+ Qxg7 39. Qxe4 Qd4+ 40. Qxd4 cxd4 41. Rg8+ Ke7 42. Rxe8+ Kxe8 43. Bc4 1-0

[Event "Late-Titled-Tuesday-Blitz-October-10-2023"]
[Site "Chess.com"]
[Date "2023.10.10"]
[Round "3"]
[White "Nekoo04"]
[Black "FERNANDEZL1983"]
[Result "0-1"]
[WhiteElo "2276"]
[BlackElo "2538"]
[TimeControl "180+1"]
[EndTime "14:27:15 PDT"]
[Termination "FERNANDEZL1983 won on time"]

1. d4 Nf6 2. c4 g6 3. Nc3 Bg7 4. e4 d6 5. Nf3 O-O 6. Be2 e5 7. d5 a5 8. O-O Na6 9. Bg5 h6 10. Bh4 g5 11. Bg3 Nh5 12. Nd2 Nf4 13. Re1 Qf6 14.
Nf1 Qg6 15. Ne3 f5 16. exf5 Bxf5 17. Nxf5 Qxf5 18. Bg4 Qg6 19. Ne4 Nb4 20. Bxf4 exf4 21. a3 Na6 22. Rb1 Be5 23. b4 axb4 24. axb4 Qg7 25. c5 Rae8 26. Qc2 Qh7 27. Qc4 h5 28. Be6+ Kh8 29. c6 bxc6 30. Qxa6 cxd5 31. Bxd5 Qf5 32. Qe2 g4 33. f3 Bd4+ 34. Kh1 Qxd5 35. Rbd1 Qe5 36.
Qd3 c5 37. bxc5 dxc5 0-1

[Event "Late-Titled-Tuesday-Blitz-October-10-2023"]
[Site "Chess.com"]
[Date "2023.10.10"]
[Round "3"]
[White "Dr_crypt"]
[Black "ritanovikova"]
[Result "1-0"]
[WhiteElo "2400"]
[BlackElo "2105"]
[TimeControl "180+1"]
[EndTime "14:27:16 PDT"]
[Termination "Dr_crypt won by resignation"]

1. d4 c5 2. c3 cxd4 3. cxd4 d5 4. Bf4 Nf6 5. e3 Bf5 6. Qb3 Qb6 7. Qxb6 axb6 8.
Nc3 e6 9. a3 Bb4 10. Rc1 Bxc3+ 11. Rxc3 Nc6 12. Bc7 Kd7 13. Bxb6 Ne4 14. Rc1 Rhc8 15.
Nf3 Nxd4 16. Rxc8 Nxf3+ 17. gxf3 Rxc8 18. fxe4 Bxe4 19. Rg1 Rc1+ 20. Kd2 Rc2+ 21. Kd1 Rxb2 22. Bd4 Rb1+ 23. Kd2 g6 24. f4 Rb3 25. a4 Ra3 26. Bb5+ Kc8 27. Rc1+ Kb8 28. Be5+ Ka7 29. Rc8 Ra2+ 30.
Kc1 Rxh2 31. Bd4+ b6 32. a5 Rh1+ 33. Kb2 Rh2+ 34. Kb3 Kb7 35. Rf8 bxa5 36. Rxf7+ Kc8 37. Ba6+ Kd8 38. Bf6+ Ke8 39. Re7+ Kf8 40. Rxe6 d4 41. Rxe4 dxe3 42. Rxe3 Kf7 43. Bg5 h6 44. Bc4+ Kf8 45.
Be7+ Kg7 46. Bd6 Kf6 47. f5 gxf5 48. Bxh2 1-0

[Event "Late-Titled-Tuesday-Blitz-October-10-2023"]
[Site "Chess.com"]
[Date "2023.10.10"]
[Round "3"]
[White "kaanadayhamle"]
[Black "Dedic8"]
[Result "0-1"]
[WhiteElo "2458"]
[BlackElo "2858"]
[TimeControl "180+1"]
[EndTime "14:27:17 PDT"]
[Termination "Dedic8 won by resignation"]

1. Nf3 d5 2. g3 Nf6 3. Bg2 c6 4. O-O Bg4 5. Ne5 Bf5 6. c4 Nbd7 7. Nxd7 Qxd7 8. cxd5 cxd5 9. d4 h5 10. h4 e6 11. Bf4 Be4 12. Nc3 Bxg2 13. Kxg2 Bb4 14. Rc1 Rc8 15. Qb3 Bxc3 16. Rxc3 Rxc3 17. Qxc3 O-O 18.
Rc1 Ne4 19. Qb3 Rc8 20. Rxc8+ Qxc8 21. f3 Nf6 22. Qc3 Qxc3 23. bxc3 Kf8 24. Bd6+ Ke8 25. Be5 Ke7 26. Kf2 Ne8 27. Ke3 f6 28. Bf4 b5 29.
Kd3 a5 30. Kc2 Nd6 31. Bxd6+ Kxd6 32. a3 e5 33. Kd3 Ke6 34. Ke3 g5 35. dxe5 gxh4 36.
gxh4 fxe5 37. f4 exf4+ 38. Kxf4 d4 39. cxd4 b4 40. axb4 a4 41. b5 a3 42. b6 Kd7 43.
Kg5 a2 44. Kxh5 a1=Q 45. Kg6 Qxd4 46. h5 Qxb6+ 47. Kg7 Qd4+ 48. Kh7 Ke7 49. e3 Qg4 50. h6 Kf7 0-1

[Event "Late-Titled-Tuesday-Blitz-October-10-2023"]
[Site "Chess.com"]
[Date "2023.10.10"]
[Round "3"]
[White "GothamChess"]
[Black "GMBenjaminBok"]
[Result "0-1"]
[WhiteElo "2744"]
[BlackElo "3015"]
[TimeControl "180+1"]
[EndTime "14:27:18 PDT"]
[Termination "GMBenjaminBok won on time"]

1. e4 c5 2. a3 g6 3. Nc3 Bg7 4. Bc4 Nc6 5. d3 e6 6. Ba2 d6 7.
h4 h5 8. Bg5 Qb6 9. Rb1 Bd7 10.
Nge2 Nf6 11. O-O O-O 12. Qd2 Rac8 13. f3 Nd4 14. Be3 Bc6 15. b4 Nxe2+ 16. Nxe2 Qc7 17. bxc5 d5 18. Bf4 Qd7 19. Bd6 Rfd8 20. e5 Ne8 21. f4 b6 22. d4 Bb5 23. Rf3 Bxe2 24. Qxe2 bxc5 25. dxc5 Bf8 26. f5 exf5 27. Rd1 Rxc5 28. Bxc5 Bxc5+ 29. Kh1 Qe7 30. Bxd5 Nc7 31. c4 Qxh4+ 32. Rh3 Qe7 33. Rf1 Nxd5 34. cxd5 Rxd5 35. Re1 Qe6 36. Qc4 Rxe5 37. Qxe6 Rxe6 38. Rc1 Bb6 39. Rd3 Kg7 40. Rcd1 Re4 41. Kh2 Rh4+ 42. Kg3 Ra4 43. Kh3 Bc5 44. g3 Rxa3 45. Rd5 Bb6 46. Rd7 Bf2 0-1

[Event "Late-Titled-Tuesday-Blitz-October-10-2023"]
[Site "Chess.com"]
[Date "2023.10.10"]
[Round "3"]
[White "Jospem"]
[Black "Kiborg95"]
[Result "1-0"]
[WhiteElo "3112"]
[BlackElo "2811"]
[TimeControl "180+1"]
[EndTime "14:27:19 PDT"]
[Termination "Jospem won by resignation"]

1. e4 d6 2. d4 Nf6 3. Bd3 e5 4. c3 Nc6 5. Nf3 g6 6. O-O Bg7 7. h3 O-O 8. Re1 a5 9. Nbd2 Re8 10. Bc2 b5 11. a3 a4 12. Nf1 Bd7 13. Ng3 Na5 14.
Rb1 c5 15. Be3 Nc4 16. dxc5 Nxe3 17. Rxe3 dxc5 18. Qe1 Qc7 19. Re2 Be6 20. Rd1 Bh6 21. Nf1 Bc4 22. Bd3 Bxd3 23. Rxd3 Red8 24. Rd1 c4 25.
Ne3 Bxe3 26. Rxe3 Rxd1 27. Qxd1 Rd8 28. Qc2 Nd7 29. Re1 Nc5 30. Rd1 Rxd1+ 31. Qxd1 Nd3 32. Qe2 Qd6 33. g3 f6 34. Kg2 Kf7 35. h4 Qc5 36. h5 Qc6 37. hxg6+ hxg6 38. Kg1 Ke7 39. Nh4 g5 40. Nf5+ Kd8 41. Qe3 Qc5 42. Qf3 g4 43. Qe2 Qc6 44. Qxg4 Nxb2 45. Qg8+ Kc7 46. Qh7+ Kb6 47.
Ne7 Qd6 48. Nd5+ Ka6 49. Qg8 Qc6 50. Nb4+ 1-0

[Event "Late-Titled-Tuesday-Blitz-October-10-2023"]
[Site "Chess.com"]
[Date "2023.10.10"]
[Round "3"]
[White "Cheer_Down"]
[Black "greekplayer1"]
[Result "1-0"]
[WhiteElo "2465"]
[BlackElo "2655"]
[TimeControl "180+1"]
[EndTime "14:27:19 PDT"]
[Termination "Cheer_Down won by checkmate"]

1. e4 c5 2. Nf3 d6 3. d4 cxd4 4. Nxd4 Nf6 5. Nc3 a6 6. Bg5 Nbd7 7. f4 Qc7 8. Qe2 h6 9. Bxf6 Nxf6 10. e5 dxe5 11.
fxe5 Bg4 12. Qe3 Nd7 13. h3 Be6 14. Nxe6 fxe6 15. O-O-O g5 16. Be2 O-O-O 17. Bg4 Qxe5 18. Qxe5 Nxe5 19. Bxe6+ Kc7 20. Nd5+ Kb8 21. Ne3 Bg7 22. c3 h5 23. Kc2 Bf6 24. a4 Nc6 25. b4 Rdf8 26.
Rhf1 Rh6 27. Bd5 Rc8 28. Kb3 Na5+ 29. bxa5 Rxc3+ 30. Ka2 Rxe3 31. Rb1 Re2+ 32. Ka3 Kc7 33. Rxb7+ Kd6 34. Rd1 Ke5 35. Bf3 Re3+ 36. Ka2 g4 37.
hxg4 hxg4 38. Bxg4 Rh4 39. Bd7 Re2+ 40. Kb1 Rh2 41. Bc6 Kf4 42. Rb3 Rh8 43. Rf1+ Kg5 44.
Rg3+ Kh6 45. Rh1+ Bh4 46. Rxh4# 1-0

[Event "Late-Titled-Tuesday-Blitz-October-10-2023"]
[Site "Chess.com"]
[Date "2023.10.10"]
[Round "3"]
[White "karwowskikacper"]
[Black "NotFischer"]
[Result "1-0"]
[WhiteElo "2541"]
[BlackElo "2277"]
[TimeControl "180+1"]
[EndTime "14:27:19 PDT"]
[Termination "karwowskikacper won on time"]

1. d4 g6 2. c4 Bg7 3. Nc3 d6 4. e4 Nc6 5. d5 Nd4 6. Be3 c5 7. dxc6 Nxc6 8. f3 Nf6 9. Nge2 O-O 10.
Nd4 Nxd4 11. Bxd4 Be6 12. Be2 Qa5 13. O-O Rfc8 14. b3 Nd7 15. Bxg7 Kxg7 16. Qd4+ Qe5 17.
Qxe5+ dxe5 18. Rfd1 a6 19. Na4 Rc7 20. Rd2 Rb8 21. Rad1 b5 22. Nb2 Nc5 23. Kf2 b4 24.
Rd8 Rxd8 25. Rxd8 Ra7 26. Nd3 Nxd3+ 27. Bxd3 a5 28. Rb8 f5 29. g3 h5 30. h4 Kf6 31.
Ke3 a4 32. Rxb4 axb3 33. axb3 Ra1 34. c5 Rc1 35. Bc4 Rc3+ 36. Ke2 fxe4 37. fxe4 Bg4+ 38. Kd2 Rxg3 39. c6 Rg2+ 40. Ke3 g5 41. hxg5+ Kxg5 42. c7 h4 43. Rb8 h3 44. Rg8+ Kh4 45. Rxg4+ Rxg4 46. c8=Q h2 47. Qh8+ Kg3 48. Be2 Rh4 49.
Qxe5+ Kh3 50. Bf3 1-0

[Event "Late-Titled-Tuesday-Blitz-October-10-2023"]
[Site "Chess.com"]
[Date "2023.10.10"]
[Round "3"]
[White "jaskol95"]
[Black "schondeln"]
[Result "1/2-1/2"]
[WhiteElo "2574"]
[BlackElo "2382"]
[TimeControl "180+1"]
[EndTime "14:27:20 PDT"]
[Termination "Game drawn by repetition"]

1. d4 d5 2. Nc3 c6 3. Bf4 Bf5 4. e3 Nf6 5. Nf3 Nbd7 6. Ne5 Nxe5 7. Bxe5 Ne4 8. Nxe4 Bxe4 9. f3 Bg6 10. Bd3 Bxd3 11. Qxd3 e6 12. O-O f6 13. Bg3 Bd6 14. e4 Bxg3 15.
hxg3 O-O 16. c3 Qd6 17. f4 dxe4 18. Qxe4 Qd5 19. Rfe1 Qxe4 20. Rxe4 Kf7 21. Rae1 Rfe8 22. Kf2 Re7 23. Ke3 Rd8 24. b4 h5 25. Kd3 g6 26.
a4 a6 27. c4 Rd6 28. Kc3 Red7 29. Rd1 Rd8 30. Re2 R8d7 31. Rb2 e5 32. fxe5 fxe5 33. Rf1+ Ke6 34. dxe5 Rd3+ 35. Kc2 Rd2+ 36. Kc1 Rxb2 37. Kxb2 Kxe5 38. Kc3 Ke4 39. Re1+ Kf5 40.
Re3 g5 41. c5 Kg4 42. Kc4 Rf7 43. b5 axb5+ 44. axb5 cxb5+ 45. Kxb5 Rf2 46. Kb6 Rxg2 47. Kxb7 Rc2 48. c6 h4 49. gxh4 gxh4 50. Re4+ Kg3 51. Re3+ Kg4 52. c7 h3 53. Re4+ Kg3 54. Re3+ Kg4 55.
Re4+ Kg3 56. Re3+ Kg4 1/2-1/2

[Event "Late-Titled-Tuesday-Blitz-October-10-2023"]
[Site "Chess.com"]
[Date "2023.10.10"]
[Round "3"]
[White "ferdipy"]
[Black "rychessmaster1"]
[Result "0-1"]
[WhiteElo "2362"]
[BlackElo "2704"]
[TimeControl "180+1"]
[EndTime "14:27:21 PDT"]
[Termination "rychessmaster1 won on time"]

1. e4 c6 2. d4 d5 3. exd5 cxd5 4.
Bd3 Nf6 5. c3 Bg4 6. Qb3 Qd7 7.
Bf4 Nc6 8. Nd2 e6 9. Ngf3 Bd6 10. Bxd6 Qxd6 11. O-O O-O 12. Rfe1 Qc7 13. h3 Bh5 14.
Ne5 Rab8 15. Qc2 Rfc8 16. Rac1 b5 17. g4 Bg6 18. Nxg6 hxg6 19. Qd1 Qf4 20. Re3 b4 21. Rf3 Qg5 22. Re3 bxc3 23. bxc3 Rb2 24. Rc2 Rcb8 25.
Qc1 Rxc2 26. Qxc2 Qf4 27. Rf3 Qd6 28. Kg2 Ne7 29. Nb3 e5 30. dxe5 Qxe5 31. Nd4 Qd6 32. Qa4 Rb7 33. Qa6 Qxa6 34. Bxa6 Rb2 35. a3 Ne4 36. Bd3 Nc8 37. Bxe4 dxe4 38. Re3 Nd6 39. c4 f5 40. gxf5 gxf5 41. c5 Nc4 42. Re1 g6 43.
Rc1 Ne3+ 44. Kg3 Nd5 45. c6 Nc7 46. Kf4 Kf7 47. Ke5 Rd2 48. Rc4 Ke7 49. f3 e3 50.
Rc2 e2 0-1

[Event "Late-Titled-Tuesday-Blitz-October-10-2023"]
[Site "Chess.com"]
[Date "2023.10.10"]
[Round "3"]
[White "The_Straightforward_Rook"]
[Black "Bauman_Guy"]
[Result "0-1"]
[WhiteElo "2555"]
[BlackElo "2856"]
[TimeControl "180+1"]
[EndTime "14:27:22 PDT"]
[Termination "Bauman_Guy won by resignation"]

1. d4 Nf6 2. c4 b6 3. Nf3 Bb7 4. g3 g6 5. Bg2 Bg7 6. O-O O-O 7. Nc3 e6 8. Qc2 a5 9. e4 d6 10. b3 Nc6 11. Bb2 e5 12. dxe5 dxe5 13. Rad1 Nd7 14. Nb5 Re8 15. Bh3 Re7 16. a3 Rc8 17. Rd2 Qe8 18. Rfd1 Nd4 19. Nfxd4 exd4 20. Bxd4 Bxe4 21. Qc3 Bf8 22. Bf6 Nxf6 23. Bxc8 Qxc8 24. Qxf6 Qh3 25.
f3 Re6 26. Qh4 Bc5+ 27. Nd4 Qxh4 28. gxh4 Bxf3 29. Rf1 Re2 30. Rf2 Re1+ 31. Rf1 Re3 32. Nxf3 Rxf3+ 33. Kg2 Rxf1 34. Kxf1 Bxa3 35. Kg2 h5 36.
Kf3 Bd6 37. Ke4 Kg7 38. Rf2 Be7 39. Kd5 Bxh4 40. Re2 Bg5 41. Re4 f5 42. Rd4 Be3 43. Rd3 Bf4 44. h3 Kf6 45. c5 g5 46. c6 g4 47. hxg4 hxg4 48. Rd1 Be3 49. Rh1 g3 50. Rh6+ Bxh6 0-1

[Event "Late-Titled-Tuesday-Blitz-October-10-2023"]
[Site "Chess.com"]
[Date "2023.10.10"]
[Round "3"]
[White "Alina_Gumerovna"]
[Black "jup1978"]
[Result "0-1"]
[WhiteElo "2142"]
[BlackElo "2521"]
[TimeControl "180+1"]
[EndTime "14:27:22 PDT"]
[Termination "jup1978 won by resignation"]

1. e4 c5 2. d3 Nc6 3. c4 e5 4.
Nc3 d6 5. g3 Be7 6. Bg2 Bg5 7.
Nge2 Bxc1 8. Qxc1 Nge7 9. O-O O-O 10. f4 f5 11. Nd5 fxe4 12. dxe4 Nxd5 13. exd5 Nd4 14.
Qd2 Nxe2+ 15. Qxe2 exf4 16. Rxf4 Rxf4 17. gxf4 Bf5 18. Re1 Qd7 19. Qe7 Rd8 20. Bf3 Qxe7 21. Rxe7 Rd7 22. Rxd7 Bxd7 23. Be4 g6 24. Kf2 Kf7 25.
Ke3 Kf6 26. a3 Bh3 27. Kf2 b6 28. Bd3 Bg4 29. Bc2 Bc8 30. Bd3 Bd7 31. Bc2 Be8 32. Bd3 Ba4 33. Bb1 Bd1 34. Bd3 Bb3 35. Ke3 Bd1 36. Kf2 Bg4 37. Ke3 Bf5 38. Be2 h6 39.
Bf1 g5 40. Be2 g4 41. Bf1 h5 42. Kf2 h4 43. Be2 Bd7 44. Bd1 Bc8 45. Be2 Bf5 46. Bd1 Bd3 47. b3 Bf5 48. Kg2 a5 49.
Kf2 Bd7 50. Kg2 Kf5 51. h3 Kxf4 52. hxg4 Bxg4 53. Bc2 Bf5 54. Bd1 h3+ 55. Kh2 Ke3 56. Bh5 Kd2 57. Be8 Kc3 58. Ba4 Kb2 59. Be8 Kxb3 60.
Bb5 Kxa3 61. Kg3 Kb4 0-1

[Event "Late-Titled-Tuesday-Blitz-October-10-2023"]
[Site "Chess.com"]
[Date "2023.10.10"]
[Round "3"]
[White "2typicalchessplayer"]
[Black "hellokostya"]
[Result "1/2-1/2"]
[WhiteElo "2358"]
[BlackElo "2627"]
[TimeControl "180+1"]
[EndTime "14:27:22 PDT"]
[Termination "Game drawn by repetition"]

1. e4 c5 2. Nf3 Nc6 3. Bb5 g6 4. O-O Bg7 5. Bxc6 dxc6 6. h3 Nf6 7. d3 Nd7 8. Nc3 e5 9. Re1 Qe7 10. Be3 b6 11. a3 O-O 12. Rb1 f5 13. exf5 gxf5 14.
Bg5 Qf7 15. Qd2 Qh5 16. b4 h6 17. Bh4 cxb4 18. axb4 Bb7 19. Bg3 Rae8 20. Kf1 c5 21. Ng1 Qg6 22. Nf3 Bxf3 23. gxf3 Qh5 24. bxc5 Qxh3+ 25. Ke2 e4 26. dxe4 fxe4 27. Qd5+ Kh8 28. Nxe4 Nxc5 29. Rh1 Qc8 30. Rb4 Nxe4 31. Rxe4 Qxc2+ 32. Kf1 Qc8 33. Kg2 Rd8 34. Qb5 Qc3 35. Re3 Qf6 36.
Qh5 Qf7 37. Qh3 Rde8 38. Rd3 a5 39. Rhd1 a4 40. Rd6 Qxf3+ 41. Kg1 Rf6 42. Rxf6 Qxd1+ 43. Kh2 Bxf6 44. Qxh6+ Kg8 45. Qg6+ Bg7 46. Qxe8+ Kh7 47. Qe4+ Kg8 48. Qe8+ Kh7 49. Qe4+ Kg8 50. Qe8+ 1/2-1/2

[Event "Late-Titled-Tuesday-Blitz-October-10-2023"]
[Site "Chess.com"]
[Date "2023.10.10"]
[Round "3"]
[White "cottage_cheese"]
[Black "elcala"]
[Result "0-1"]
[WhiteElo "2297"]
[BlackElo "1749"]
[TimeControl "180+1"]
[EndTime "14:27:22 PDT"]
[Termination "elcala won by resignation"]

1. d4 d5 2. Nc3 Nf6 3. Bg5 e6 4. f3 Be7 5. e4 c6 6. e5 Nfd7 7. Bxe7 Qxe7 8. f4 c5 9. Nf3 cxd4 10.
Nxd4 Nc6 11. Bb5 Nxd4 12. Qxd4 a6 13. Bxd7+ Bxd7 14. O-O Rc8 15. f5 Qc5 16. Rad1 Qxd4+ 17. Rxd4 O-O 18. g4 Rc6 19. Rf2 Rfc8 20. Kg2 Rc4 21.
Rfd2 Rxd4 22. Rxd4 Rc4 23. Rxc4 dxc4 24. fxe6 Bxe6 25. Kf3 Kf8 26. g5 Ke7 27. Ke4 f6 28. exf6+ gxf6 29. gxf6+ Kxf6 30. Nd5+ Kg5 31. Kd4 b5 32.
Nc7 Bc8 33. Kc5 Kh4 34. Kb6 Kh3 35. Nxa6 Kxh2 36. Nc7 h5 37. Nxb5 h4 38. Nd4 Kg3 39. Kc7 Bg4 40. a4 h3 41. a5 h2 42. a6 h1=Q 43. a7 Qa8 44. Nb5 Qc8+ 45. Kb6 Bf3 46. Nc7 Qb7+ 47. Kc5 Qxc7+ 0-1

[Event "Late-Titled-Tuesday-Blitz-October-10-2023"]
[Site "Chess.com"]
[Date "2023.10.10"]
[Round "3"]
[White "DanielNaroditsky"]
[Black "Binary010"]
[Result "1/2-1/2"]
[WhiteElo "3174"]
[BlackElo "2839"]
[TimeControl "180+1"]
[EndTime "14:27:24 PDT"]
[Termination "Game drawn by repetition"]

1. d4 Nf6 2. Nc3 d5 3. Bf4 c5 4. e4 Nxe4 5. Nxe4 dxe4 6. dxc5 Qa5+ 7. c3 Qxc5 8. Qa4+ Nc6 9. Qxe4 g6 10. Nf3 Bg7 11.
Rd1 Qb6 12. Rd2 Bf5 13. Qa4 O-O 14. Bc4 Rad8 15. Be3 Qc7 16. Bd5 Ne5 17. Nxe5 Qxe5 18. Qb3 e6 19. Bf3 Rxd2 20. Kxd2 Rd8+ 21. Kc1 b6 22. g3 Rd3 23. Bf4 Qc5 24. Be2 Rd8 25. Be3 Qc6 26. Rd1 Rxd1+ 27. Qxd1 Qe4 28. Kd2 h5 29. Bf3 Qc4 30. a3 h4 31. Ke1 Bf6 32.
Be2 Qc6 33. Bf3 Be4 34. Bxe4 Qxe4 35. Ke2 h3 36. f3 Qc4+ 37. Qd3 Qb3 38. Qd2 a5 39.
Kf2 a4 40. Bd4 Bxd4+ 41. cxd4 Kg7 42. g4 Qd5 43. Qe3 Qa2 44. Qc3 Kh7 45. Kg3 Qb1 46. Kxh3 Qf1+ 47. Kg3 Qg1+ 48. Kh3 Qf1+ 49. Kg3 Qg1+ 50.
Kh3 Qf1+ 1/2-1/2

[Event "Late-Titled-Tuesday-Blitz-October-10-2023"]
[Site "Chess.com"]
[Date "2023.10.10"]
[Round "3"]
[White "IMGC"]
[Black "ferrufino64"]
[Result "1/2-1/2"]
[WhiteElo "2406"]
[BlackElo "2214"]
[TimeControl "180+1"]
[EndTime "14:27:24 PDT"]
[Termination "Game drawn by repetition"]

1. d4 d5 2. Nf3 Nf6 3. e3 e6 4. c4 dxc4 5. Nc3 b6 6. Bxc4 Bb7 7. O-O Be7 8. Qe2 O-O 9. Rd1 a6 10. a4 Nbd7 11. e4 c6 12. Bf4 Re8 13. h3 b5 14.
Bd3 Qb6 15. e5 Nd5 16. Nxd5 exd5 17. Bg5 Nf8 18. Bxe7 Rxe7 19. Qc2 Rae8 20. Nh4 g6 21. Nf3 Ne6 22. b4 Bc8 23. Qc3 Nf4 24. Bf1 Bf5 25.
Kh2 Be4 26. Ng5 Bf5 27. g3 Nh5 28. g4 Ng7 29. gxf5 Nxf5 30. h4 Nxh4 31. Qh3 h6 32.
Qxh4 hxg5 33. Qxg5 bxa4 34. Rxa4 Rxe5 35. dxe5 Qxf2+ 36. Bg2 Qe2 37. Rf1 Rxe5 38. Qf6 Rh5+ 39. Kg1 Qe3+ 40.
Qf2 Qe7 41. Rxa6 Rf5 42. Qd2 Qb7 43. Rxf5 Qxa6 44. Rf2 Qa1+ 45. Kh2 Qe5+ 46. Qf4 Qh5+ 47. Kg3 g5 48. Qf6 Qh4+ 49. Kf3 Qe4+ 50. Kg3 Qh4+ 51. Kf3 Qe4+ 52. Kg3 Qh4+ 1/2-1/2

[Event "Late-Titled-Tuesday-Blitz-October-10-2023"]
[Site "Chess.com"]
[Date "2023.10.10"]
[Round "3"]
[White "Pomberito2"]
[Black "Arimin1329"]
[Result "0-1"]
[WhiteElo "2500"]
[BlackElo "2291"]
[TimeControl "180+1"]
[EndTime "14:27:26 PDT"]
[Termination "Arimin1329 won by checkmate"]

1. e4 c6 2. d4 d5 3. Nd2 dxe4 4. Nxe4 Bf5 5. Ng3 Bg6 6. h4 h6 7. N1e2 e6 8. Nf4 Bh7 9. Bc4 Nf6 10. Qe2 Be7 11. Bxe6 fxe6 12. Nxe6 Qd7 13. Nxg7+ Kf7 14. Bxh6 Bf8 15. N3h5 Bxg7 16. Nxg7 Bg6 17. h5 Rxh6 18. hxg6+ Kxg7 19. Rxh6 Kxh6 20. O-O-O Kg7 21. Rh1 Na6 22. Qe5 Kxg6 23. Rh3 Re8 24. Rg3+ Kf7 25. Qg5 Rg8 26. Qh4 Rxg3 27. fxg3 Qg4 28. Qh8 Qxg3 29. b3 Nb4 30. Qc8 Nbd5 31. Qxb7+ Qc7 32. Qa8 Qf4+ 33. Kb1 Qxd4 34.
Qxc6 Nc3+ 35. Kc1 Nxa2+ 36. Kb1 Nc3+ 37. Kc1 Ncd5 38. Qb7+ Kg6 39. Kb1 Qd1+ 40. Kb2 Qd4+ 41. Kb1 Qb6 42. Qc8 Qg1+ 43. Kb2 Qxg2 44. Qb7 Qe4 45.
Qxa7 Qe5+ 46. Ka3 Qa1# 0-1

[Event "Late-Titled-Tuesday-Blitz-October-10-2023"]
[Site "Chess.com"]
[Date "2023.10.10"]
[Round "3"]
[White "StarkyNZ"]
[Black "bettercallcafu"]
[Result "1-0"]
[WhiteElo "2345"]
[BlackElo "2646"]
[TimeControl "180+1"]
[EndTime "14:27:30 PDT"]
[Termination "StarkyNZ won by checkmate"]

1. c4 e5 2. f4 exf4 3. e4 fxe3 4.
d4 Nf6 5. Bxe3 Bb4+ 6. Nd2 O-O 7. Bg5 Re8+ 8. Be2 d5 9. c5 Nc6 10. Nf3 Qe7 11. Kf1 h6 12. Bf4 Ng4 13. Nb3 Qf6 14.
Qc1 Rxe2 15. Kxe2 b6 16. Kf1 Ba6+ 17. Kg1 bxc5 18. h3 c4 19. a3 Be7 20. hxg4 cxb3 21.
g5 Qg6 22. gxh6 Be2 23. Ne5 Nxe5 24. Bxe5 Bf3 25. Qf1 Bh5 26. hxg7 Bg5 27. Qf3 f6 28. Qxh5 Be3+ 29. Kf1 Qd3+ 30. Qe2 Qf5+ 31. Ke1 fxe5 32.
Rh8+ Kxg7 33. Rxa8 exd4 34. Rd1 Qg5 35. Qf3 Bf4 36.
Re8 Bg3+ 37. Kf1 Bd6 38. Re2 Qh4 39. Rf2 d3 40. Rxd3 Qh1+ 41. Ke2 Qb1 42. Qf7+ Kh6 43. Rf6+ Kg5 44. Qg6+ Kh4 45. Rh3# 1-0

[Event "Late-Titled-Tuesday-Blitz-October-10-2023"]
[Site "Chess.com"]
[Date "2023.10.10"]
[Round "3"]
[White "koncheto"]
[Black "KaydenTroffChess"]
[Result "0-1"]
[WhiteElo "2489"]
[BlackElo "2794"]
[TimeControl "180+1"]
[EndTime "14:27:30 PDT"]
[Termination "KaydenTroffChess won by resignation"]

1. e4 c5 2. Nf3 g6 3. d4 cxd4 4. Nxd4 Bg7 5. c4 Qb6 6. Nb3 a5 7. Nc3 a4 8. Nd5 Qd8 9. Be3 Ra6 10. Nc5 Rc6 11. Nxa4 e6 12. Nb4 Qa5 13. Bd2 Rd6 14.
Nd5 Qd8 15. c5 Rc6 16. Nb4 Rc7 17. Bf4 e5 18. Be3 Ne7 19. Be2 O-O 20. O-O Na6 21. Nxa6 bxa6 22. Nb6 Bb7 23. f3 f5 24. Nd5 Nxd5 25.
exd5 d6 26. c6 Bc8 27. Bb6 Bh6 28. Qa4 Qe7 29. Qa5 Ra7 30. Bxa7 Qxa7+ 31. Kh1 Be3 32. b4 Bb6 33. Qa4 f4 34. Rac1 Qc7 35. Bxa6 Bf5 36. Bb7 e4 37. fxe4 Bxe4 38. b5 Bxd5 39. Rxf4 Re8 40. Rd1 Qe7 41. h3 Qe5 42. Qb4 Bc5 43. Qd2 Be6 44. Rf3 Bf5 45. Rdf1 Be4 46. R3f2 Qh5 47. Kg1 Qh4 48. Qf4 Qxf4 0-1

[Event "Late-Titled-Tuesday-Blitz-October-10-2023"]
[Site "Chess.com"]
[Date "2023.10.10"]
[Round "3"]
[White "ameetghasi100"]
[Black "Krakozia"]
[Result "0-1"]
[WhiteElo "2726"]
[BlackElo "2996"]
[TimeControl "180+1"]
[EndTime "14:27:31 PDT"]
[Termination "Krakozia won on time"]

1. c4 c5 2. Nf3 Nf6 3. g3 b6 4.
Bg2 Bb7 5. O-O e6 6. d3 Be7 7. e4 d6 8. Nc3 O-O 9. a3 Nc6 10. Rb1 Nd7 11. b4 Bf6 12. Ne2 Qc7 13. Be3 Rad8 14.
Qd2 Ne7 15. Rfc1 Rfe8 16. Nc3 a6 17. d4 cxd4 18. Nxd4 Ne5 19. Bf1 N7c6 20. Be2 Nxd4 21. Bxd4 Nd7 22. Qe3 e5 23. Bxb6 Qxb6 24. c5 Qa7 25.
Nd5 dxc5 26. bxc5 Bc6 27. Nb4 Nb8 28. Bc4 h6 29. Bd5 Bg5 30. Qf3 Bxd5 31. Nxd5 Bxc1 32.
Rxc1 Nc6 33. Qg4 Re6 34. Rb1 Nd4 35. Rb6 Kh8 36. Qh5 Qd7 37. c6 Rxc6 38. Rxc6 Nxc6 39. Qf3 Qe6 40. Ne3 Nd4 41. Qh5 Qg6 42. Qe2 Qxe4 43. Qd1 Nf3+ 44. Qxf3 Qxf3 45. Nf1 Rd1 0-1